[Event "41st Zalakaros Festival 2022"]
[Site "Zalakaros"]
[Date "2022.06.05"]
[Round "1.1"]
[White "Kantor, Gergely"]
[Black "Tulchynskyi, Feliks"]
[Result "1-0"]
[ECO "D35"]
[WhiteElo "2587"]
[BlackElo "2068"]
[Annotator "TA"]
[PlyCount "75"]
[EventDate "2022.06.05"]
[EventType "swiss"]
[EventCountry "HUN"]
[SourceTitle "playchess.com"]
[Source "ChessBase"]
[SourceQuality "1"]
[TimeControl "40/5400+30:1800+30"]

1. d4 d5 2. c4 e6 3. Nc3 Nf6 4. cxd5 exd5 5. Bg5 c6 6. e3 Be7 7. Bd3 Nbd7 {[%emt 0:00:28] 7...Nbd7 is better than 7...0-0.} 8. h3 {[%emt 0:02:35][%cal Bh2h3,Bh3h4,Bh4h5][%mdl 32] D35: Queen's Gambit Declined: Exchange Variation.} Nf8 9. Qc2 Ng6 10. O-O-O {[%emt 0:10:51] [#] White is slightly better.} O-O $146 ({Predecessor:} 10... Qa5 11. Nge2 Bd7 12. f4 Nf8 13. f5 O-O-O 14. Bf4 Be8 15. g4 h6 16. Ng1 Bd6 {1-0 (80) Charochkina,D (2289)-But,S (1910) Sochi 2019}) 11. h4 Re8 12. h5 Nf8 13. f3 b5 14. Kb1 a5 (14... h6 $15 {is superior.} 15. Bh4 N8d7) 15. g4 Ra7 16. Bf4 N6d7 $1 17. Nh3 (17. Nge2 $5 ) 17... Nb6 18. Rdg1 b4 19. Nd1 Nc4 (19... a4 $142) 20. g5 $1 $11 a4 21. g6 fxg6 22. hxg6 b3 (22... Nxg6 $2 23. Bxg6 b3 24. Bxh7+ Kf8 25. Qg2 $18) 23. Qg2 {[%emt 0:06:11] [#]} (23. axb3 axb3 24. gxh7+ Kh8 $19) (23. gxh7+ Kh8 24. Qg2 (24. axb3 axb3 25. Qc3 Bf6 $17) 24... Bd6 25. Bxd6 bxa2+ 26. Ka1 (26. Kxa2 Qxd6 27. Qc2 Nxe3 $11) 26... Qxd6 $11) (23. Qh2 $11 h6 24. a3) 23... Bf6 (23... h6 $1 $17 {Strongly threatening ...a3.} 24. Bxh6 a3) 24. Ng5 $1 Bxg5 (24... Ba6 $11 {remains equal.} 25. Bxc4 (25. gxh7+ Kh8 $11) (25. Nxh7 Na3+ 26. Ka1 Bxd3 $15) 25... Bxc4) 25. Bxg5 $16 (25. Qxg5 Qxg5 26. gxh7+ Kh8 27. Rxg5 Ne6 $15) 25... bxa2+ 26. Ka1 (26. Kxa2 $6 Qb6 27. gxh7+ Kh8 28. Bxc4 dxc4 $11) 26... Qc7 (26... Qd6 $16 27. gxh7+ (27. Bf4 Qb4 $16) 27... Kh8 28. Bxc4 (28. Bf4 Qb4 $16) 28... dxc4) 27. gxh7+ $18 (27. Bf4 Qb6 28. gxh7+ Kh8 29. Bxc4 dxc4 $18) 27... Kh8 {[%emt 0:00:07] [#]} 28. Bf6 $1 {[%emt 0:00:48][%cal Og2g7][%mdl 512] Threatens to win with Qxg7+! This bishop pair is nice.} Ne6 29. Bxc4 {[%emt 0:00:45] Chess con chili.} ({Don't take} 29. Qg6 $6 Qf7 $18) 29... dxc4 30. Be5 ({Don't play} 30. Qg6 $6 Qf7) 30... Qb7 31. f4 $40 {[%emt 0:02:45][%cal Bf3f4,Bf4f5,Bf5f6][%mdl 160] White has strong attack.} Nd8 $2 (31... Rf8 32. Rh5 a3) 32. Nc3 a3 33. bxa3 Ne6 34. f5 Nc5 35. dxc5 {[%emt 0:00:25] White threatens Qe4 and mate.} (35. Qg6 {is a self mate.} Nb3+ 36. Kb2 Nxd4+) 35... Rxe5 36. f6 {[%emt 0:00:13] White wants to mate with fxg7+.} g5 37. Qg3 Rf5 38. Qd6 {[%emt 0:00:33] Weighted Error Value: White=0.22 (precise) /Black=0.52} 1-0

[Event "41st Zalakaros Festival 2022"]
[Site "Zalakaros"]
[Date "2022.06.05"]
[Round "1.2"]
[White "Csala, Imre"]
[Black "Horvath, Adam"]
[Result "0-1"]
[ECO "E12"]
[WhiteElo "2008"]
[BlackElo "2513"]
[Annotator "TA"]
[PlyCount "50"]
[EventDate "2022.06.05"]
[EventType "swiss"]
[EventCountry "HUN"]
[SourceTitle "playchess.com"]
[Source "ChessBase"]
[SourceQuality "1"]
[TimeControl "40/5400+30:1800+30"]

1. d4 Nf6 2. Nf3 b6 3. c4 e6 4. a3 Bb7 5. Nc3 g6 6. d5 Bg7 7. g3 O-O 8. Bg2 a5 {[%emt 0:02:15] E12: Queen's Indian: Unusual White 4th moves, 4 a3, 4 Nc3 Bb7 5 a3 and 4 Nc3 Bb7 .} 9. O-O {[%emt 0:00:37] [#]} Re8 $146 ({Predecessor:} 9... Na6 10. Nd4 e5 11. Ndb5 d6 12. Rb1 h6 13. b4 Qe7 14. e4 axb4 15. axb4 Qd7 16. Re1 {1-0 (47) Mozzino,A-Pisani,C Argentina 1994}) 10. Nd4 c6 {[%emt 0:09:09] White is slightly better.} 11. e4 {[%emt 0:02:06] e5 is the strong threat.} (11. Bg5 {keeps more tension.} h6 12. Bxf6 Qxf6 13. e3) 11... e5 12. Nc2 Ba6 13. Ne3 ({Better is} 13. b3 $14) 13... cxd5 $1 $11 14. exd5 d6 15. b4 Nbd7 16. Re1 Qc7 17. Bf1 e4 18. Qb3 $2 (18. bxa5 $11 bxa5 19. Nb5 Bxb5 20. cxb5) 18... Ne5 19. Be2 (19. Rd1 $17 {was worth a try.}) 19... axb4 $19 20. Qxb4 (20. axb4 {keeps fighting.} Bxc4 21. Nxc4 Rxa1 22. Nxe5 dxe5 23. Nb1) 20... Nf3+ 21. Bxf3 exf3 22. h3 (22. Nb5 $142 Qc8 23. Ra2 (23. Nxd6 {is a self mate.} Qh3 24. Qb2 Ng4)) 22... Qd7 ({Inferior is} 22... Bxc4 23. Bb2 Bd3 24. Rad1 $17) 23. g4 {[%emt 0:12:57] [#]} h5 (23... Nxg4 $142 $1 24. Qa4 (24. hxg4 Rxe3) 24... b5) 24. Qa4 hxg4 25. hxg4 $2 {[%emt 0:00:17] [#]} (25. Qxd7 Nxd7 26. Bd2) 25... Rxe3 $1 {[%emt 0:01:53][%mdl 512] Weighted Error Value: White=0.96/Black=0.34} 0-1

[Event "41st Zalakaros Festival 2022"]
[Site "Zalakaros"]
[Date "2022.06.05"]
[Round "1.3"]
[White "Csonka, Balazs"]
[Black "Reitinger, Petr"]
[Result "1-0"]
[ECO "D02"]
[WhiteElo "2498"]
[BlackElo "1991"]
[Annotator "TA"]
[PlyCount "45"]
[EventDate "2022.06.05"]
[EventType "swiss"]
[EventCountry "HUN"]
[SourceTitle "playchess.com"]
[Source "ChessBase"]
[SourceQuality "1"]
[TimeControl "40/5400+30:1800+30"]

1. Nf3 d5 2. d4 Nf6 3. Bf4 e6 4. e3 Bd6 5. Bg3 Ne4 6. Nbd2 f5 {[%emt 0:01:03] D02: 1 d4 d5 2 Nf3 sidelines, including 2...Nf6 3 g3 and 2...Nf6 3 Bf4.} 7. c4 c6 8. Bd3 O-O {[%emt 0:02:46] [#] White has an edge.} 9. Rc1 $146 ({Predecessor:} 9. O-O Nxg3 10. hxg3 Nd7 11. Qc2 Nf6 12. cxd5 cxd5 13. Rfc1 Bd7 14. Ne5 Qb6 15. Qb3 {0-1 (69) Raznikov,D (2528)-Tologontegin,S (2350) Chess.com INT 2016}) 9... Bxg3 10. hxg3 Nd7 11. b4 Qe7 12. Qb3 a5 13. b5 Ndf6 14. Ne5 cxb5 {[%emt 0:07:50] Hoping for ...Nxd2.} 15. Qxb5 Qa3 (15... Qb4 $1 $14 16. Bxe4 Nxe4) 16. Qb1 {[%emt 0:05:33] Active counter play!} (16. Rc2 $1 $16) 16... Nxd2 (16... Nd7 $14) 17. Kxd2 $16 Ne4+ (17... dxc4 $16 {might work better.} 18. Rxc4 (18. Nxc4 Qb4+ 19. Ke2 Nd5 $14) (18. Bxc4 Ne4+ 19. Ke2 b5 $11) 18... b5) 18. Bxe4 $18 fxe4 {[%emt 0:00:10] [#]} 19. f4 Qb4+ {[%emt 0:05:01] [#]} 20. Rc3 $1 dxc4 $2 (20... Rd8 21. a3 Qxb1 22. Rxb1 dxc4 23. Rxc4 b5) 21. Qxe4 {[%emt 0:00:41][%csl Gh1][%cal Re4h7] Dancing on a razor blade.} Qb2+ (21... g6 $142 22. Nxg6 Rf7) 22. Rc2 Qb4+ 23. Ke2 {[%emt 0:00:12] Weighted Error Value: White=0.10 (very precise) /Black=0.38} 1-0

[Event "41st Zalakaros Festival 2022"]
[Site "Zalakaros"]
[Date "2022.06.05"]
[Round "1.4"]
[White "Fultner, Jaromir"]
[Black "Pranav Vijay"]
[Result "0-1"]
[ECO "C78"]
[WhiteElo "1976"]
[BlackElo "2265"]
[Annotator "TA"]
[PlyCount "113"]
[EventDate "2022.06.05"]
[EventType "swiss"]
[EventCountry "HUN"]
[SourceTitle "playchess.com"]
[Source "ChessBase"]
[SourceQuality "1"]
[TimeControl "40/5400+30:1800+30"]

1. e4 e5 2. Nf3 Nc6 3. Bb5 a6 4. Ba4 Nf6 5. O-O b5 6. Bb3 Bc5 7. c3 d6 8. d4 Bb6 9. a4 {[%emt 0:03:18] 9.Be3 is more fashionable.} Rb8 10. axb5 axb5 11. dxe5 {[%emt 0:02:42] C78: Ruy Lopez: Archangelsk and Möller Defences.} (11. Na3 {keeps more tension.} exd4 12. cxd4 Na5 13. Bc2) 11... Nxe5 12. Nxe5 dxe5 13. Qxd8+ {The position is equal.} Kxd8 14. Bg5 Ke7 15. Na3 c6 {[%emt 0:06:10] [#]} 16. Kh1 $146 ({Predecessor:} 16. Nc2 h6 17. Bh4 Rd8 18. Rad1 Bg4 19. Rxd8 Rxd8 20. Nb4 Rd6 21. Re1 g5 22. Bg3 {½-½ (60) Rodriguez Calvo,M (2093)-Sofronie,I (2457) Marin 2002}) 16... h6 17. Bxf6+ gxf6 18. f4 (18. Nc2 $11) 18... exf4 $1 $17 19. Rxf4 Bc7 $1 20. Rff1 b4 $1 21. cxb4 ({White should try} 21. Nc4 $15) 21... Rxb4 22. Bd1 Be5 23. Nc2 Rxe4 {[%emt 0:00:56] Black is more active.} 24. Ra7+ Kd6 (24... Kf8 $1 $17 {Threatening ...Rh4.} 25. Bf3 Rh4) 25. Bf3 $11 Rh4 26. Rd1+ (26. h3 $11) 26... Kc5 $17 27. Kg1 Bxh2+ {[%emt 0:07:35] A strong pair of Bishops.} 28. Kf2 Be5 29. b4+ (29. Rxf7 $15 Kb6 30. b3) 29... Kb6 30. Ra8 Kb7 31. Ra4 Rg8 32. Ne3 {[%emt 0:03:04] Prevents Bg4.} Bg3+ 33. Kg1 Bf4 34. Rd3 Bh2+ 35. Kf2 Bg3+ 36. Kg1 Kb6 37. Rc3 {[%emt 0:01:19] [#]} Bb7 38. Be2 Bh2+ (38... Rf4 $19 {Threatens to win with ...Bf2+.} 39. Nc2 Rh4) 39. Kf2 Rf4+ 40. Bf3 {[%emt 0:00:25] [#]} Bg3+ $1 41. Ke2 Re8 42. Kd2 Rd4+ 43. Kc2 Be1 44. Rd3 (44. Rb3 $142) 44... Rxd3 $19 ({But not} 44... Rxb4 $2 45. Nc4+ Kc7 46. Nd6 Rxa4 47. Nxe8+ Kb6 48. Rd7) 45. Kxd3 Rd8+ 46. Ke2 Bc3 47. Be4 Ba6+ 48. Kf3 Bb5 49. Ra2 Bxb4 50. Rc2 h5 51. g3 Rg8 52. Rh2 Rg5 53. Nf5 Bc3 54. Rc2 (54. Nd6 {is a better defense.}) 54... Be5 55. Rd2 Bc4 56. Rc2 Bd5 {[%emt 0:00:21] ...Rxf5+ is the strong threat.} 57. Rg2 $2 {[%emt 0:02:11] Weighted Error Value: White=0.20 (precise) /Black=0.09 (flawless)} (57. Ke3) 0-1

[Event "41st Zalakaros Festival 2022"]
[Site "Zalakaros"]
[Date "2022.06.05"]
[Round "1.5"]
[White "Sammed Jaykumar, Shete"]
[Black "Balogh, Marton"]
[Result "1-0"]
[ECO "C11"]
[WhiteElo "2400"]
[BlackElo "1975"]
[Annotator "TA"]
[PlyCount "164"]
[EventDate "2022.06.05"]
[EventType "swiss"]
[EventCountry "HUN"]
[SourceTitle "playchess.com"]
[Source "ChessBase"]
[SourceQuality "1"]
[TimeControl "40/5400+30:1800+30"]

1. e4 e6 2. Nf3 d5 3. Nc3 Nf6 4. e5 Nfd7 5. d4 a6 6. Bd3 c5 7. dxc5 Bxc5 8. O-O Nc6 9. Bf4 f6 10. exf6 Nxf6 11. Ne5 O-O 12. Bg3 {[%emt 0:01:44] C11: French: Classical System: 4 e5 and 4 Bg5 dxe4.} (12. Nxc6 $11 bxc6 13. Qe2) 12... Nxe5 (12... Bd7 $5) 13. Bxe5 {[%emt 0:00:08] [#]} Bd6 $146 ({Predecessor:} 13... Bd7 14. Qe2 Be8 15. Bg3 Bf7 16. Bh4 Re8 17. Qf3 e5 18. Bf5 e4 19. Qh3 g6 {½-½ (81) Rogers,C (2010)-Ladanyike Karakas,E (2020) Biel 1991}) 14. f4 {[%emt 0:03:32] White has an edge.} Qc7 15. Qe2 Bd7 16. Rae1 h6 17. Kh1 {[%emt 0:05:54] Active counter play!} Rae8 18. Qf3 Bc6 19. Qh3 Bxe5 20. Rxe5 (20. fxe5 $11 Ne4 21. Rxf8+ (21. Bxe4 Rxf1+ 22. Rxf1 dxe4 $15) 21... Kxf8 22. Qf3+ (22. Bxe4 dxe4 23. Qg3 Kg8 $15) 22... Kg8 23. Nxe4 dxe4 24. Bxe4) 20... Qd6 ({Black should try} 20... d4 $17 21. Ne2 Nd5) 21. Bg6 (21. Qg3 $11 {deserves consideration.}) 21... Re7 22. Rfe1 (22. Rd1 $15) 22... Nd7 23. Rxe6 Qxf4 24. Rg1 (24. Rxe7 $2 {gets mated.} Qf1+ $3 25. Rxf1 Rxf1#) ({But not} 24. Bh7+ $2 Kh8 25. Bd3 (25. Rxe7 $2 Qf1+ 26. Rxf1 Rxf1#) 25... Rxe6 26. Qxe6 Nc5 $19) (24. Ne2 $1 $11 {remains equal.} Qf2 25. Rg1 Rxe6 26. Qxe6+ Kh8 27. Qe7) 24... Qg5 25. Ne2 Kh8 (25... Nc5 $15 26. Rxe7 Qxe7) 26. Bd3 $2 (26. Rxe7 $11 Qxe7 27. Nd4) 26... Nc5 (26... Ne5 $1 $19 27. Rxe7 Ng4 28. Qxg4 (28. Rf7 $2 Rxf7 29. Qxg4 Qxg4 $19) 28... Qxg4) 27. Rxe7 $15 Qxe7 28. Nd4 {[%emt 0:00:10] [#]} Ne4 (28... Be8 $1 $17) 29. Bxe4 $11 Qxe4 30. c3 Rf2 31. Qg3 (31. Nxc6 $11 bxc6 32. Qc8+ Kh7 33. Qxc6) 31... Qf4 (31... Rxb2 $17 {White must now prevent ...Kh7.} 32. a3 Kh7) 32. Qxf4 Rxf4 {[%emt 0:00:01][%mdl 4096] Endgame KRB-KRN} 33. Nf3 Re4 34. Re1 Rxe1+ 35. Nxe1 {[%emt 0:00:05] KB-KN} Kg8 36. Kg1 Kf7 37. Kf2 Ke6 38. Ke3 Ke5 39. Nf3+ Kd6 40. Kd4 Bd7 41. Ne5 Be6 42. g3 g5 43. h4 gxh4 $1 44. gxh4 b6 45. a3 Ke7 46. Ke3 Kf6 47. Kf4 Bc8 48. Nc6 a5 49. b3 Bd7 50. Ne5 Be6 51. Nf3 Bc8 52. Ne5 Be6 53. Nd3 Bc8 54. Ne1 Bd7 55. Ng2 Bc8 56. Ne3 Be6 57. b4 h5 58. bxa5 bxa5 59. Nc2 Bc8 60. Nd4 {[%emt 0:00:00] Hoping for Nb3.} a4 {[%emt 0:02:15] Prevents Nb3.} 61. Nc2 Bg4 62. Ne3 Be6 63. Nf1 Bg4 64. Ng3 Bd1 65. Nf5 Bg4 66. Nd6 Ke6 67. Nb7 Kf6 68. Nc5 Bd1 69. Nd3 Bb3 70. Nb4 Bc4 71. Nc2 Be2 72. Ne3 Ke6 73. Kg5 Ke5 74. Nf5 Bd1 75. Ng3 d4 76. cxd4+ Kxd4 77. Nxh5 Kc3 78. Nf6 Kb3 79. Ng4 $2 (79. Nd7 $11) 79... Kxa3 80. h5 Bc2 81. Ne3 {[%emt 0:00:09] [#]} Bh7 $1 {[%emt 0:00:36] ( -> ...Kb3)} 82. Kh6 Be4 {[%mdl 32768] Weighted Error Value: White=0.27 (precise) /Black=0.22 (precise) . Loss on time!?} 1-0

[Event "41st Zalakaros Festival 2022"]
[Site "Zalakaros"]
[Date "2022.06.05"]
[Round "1.6"]
[White "Metaxasz, Vaszilisz"]
[Black "Papp, Levente"]
[Result "0-1"]
[ECO "A19"]
[WhiteElo "1973"]
[BlackElo "2401"]
[Annotator "TA"]
[PlyCount "102"]
[EventDate "2022.06.05"]
[EventType "swiss"]
[EventCountry "HUN"]
[SourceTitle "playchess.com"]
[Source "ChessBase"]
[SourceQuality "1"]
[TimeControl "40/5400+30:1800+30"]

1. c4 Nf6 2. Nc3 e6 3. e4 c5 4. e5 Ng8 5. Nf3 Nc6 6. d4 cxd4 7. Nxd4 Nxe5 8. Ndb5 a6 9. Nd6+ Bxd6 10. Qxd6 f6 11. Be3 {[%emt 0:15:08][%mdl 1024] White has compensation.} Ne7 {[%emt 0:00:22] A19: English Opening: Flohr-Mikenas System with 3...c5.} 12. Bb6 Nf5 13. Qb4 {[%emt 0:00:14] is cutting edge theory.} Nc6 {[%emt 0:12:08] Pair of Knights! The position is equal.} 14. Qc5 Qe7 15. O-O-O O-O {[%emt 0:14:37] [#]} (15... Qxc5 $11 16. Bxc5 d6) 16. g4 $146 (16. Qxe7 $1 $16 Nfxe7 17. c5) ({Predecessor:} 16. Qxe7 Nfxe7 17. c5 Nf5 18. Bc7 Nfd4 19. Na4 Nb5 20. Bg3 Nbd4 21. Nb6 Ra7 22. Bc4 {1-0 (50) Domingues,M-Bonthuys,A ICCF email 2016}) 16... Qxc5 17. Bxc5 d6 18. Bb6 (18. Ba3 $5 Nfd4 19. Bxd6 $14) 18... Nh6 19. h3 f5 20. Be2 e5 21. f3 Nf7 22. h4 Be6 23. b3 Rac8 24. Kb2 Ne7 25. a4 Ng6 26. gxf5 Bxf5 27. Bd3 (27. Nd5 $11) 27... Bxd3 $15 28. Rxd3 Rfe8 29. Ne4 Re6 {[%emt 0:00:08][%cal Od6d5] Hoping for ...d5!} 30. a5 Ne7 31. Rhd1 Nf5 32. c5 {[%emt 0:02:44] [#]} (32. h5 $11) 32... dxc5 ({Black should play} 32... d5 $1 $17 33. Rxd5 Ne3) 33. Nxc5 {[%emt 0:00:58][%mdl 8192] [#] Now White is beyond hope.} (33. Rd7 $1 $11 {and White is okay.}) 33... Rxb6 $1 $19 34. axb6 Rxc5 35. Rd7 {[%emt 0:00:58] [#] Strongly threatening Rc7.} Rb5 $1 ({Much less strong is} 35... Nxh4 36. Rxb7 h5 37. Rdd7 $18) ({Don't do} 35... Ne3 36. R1d3 Rb5 37. Rxe3 Rxb6 38. f4 $18) 36. Rxb7 N7d6 37. Rb8+ Kf7 38. Rc1 Ke6 39. h5 a5 40. Ka3 Nd4 41. Rc3 Kd5 42. Ka2 Nc6 43. Rg8 Nf5 ({Don't blunder} 43... Rxb6 $2 44. Rxg7 Nb5 45. Rd3+ Nbd4 46. Kb2 $19) 44. Rf8 g6 45. hxg6 (45. Rf7 {keeps fighting.}) 45... hxg6 46. Rf6 Rxb6 47. Ka3 Nfd4 {[%emt 0:00:10] ...Nb5+ is the strong threat.} 48. Rd3 a4 49. b4 Kc4 50. Rd1 Nc2+ 51. Kb2 a3+ {[%emt 0:00:19] Weighted Error Value: White=0.60/Black=0.16 (very precise)} 0-1

[Event "41st Zalakaros Festival 2022"]
[Site "Zalakaros"]
[Date "2022.06.05"]
[Round "1.7"]
[White "Okhotnik, Vladimir"]
[Black "Varga, Richard"]
[Result "1-0"]
[ECO "B50"]
[WhiteElo "2336"]
[BlackElo "1989"]
[Annotator "TA"]
[PlyCount "53"]
[EventDate "2022.06.05"]
[EventType "swiss"]
[EventCountry "HUN"]
[SourceTitle "playchess.com"]
[Source "ChessBase"]
[SourceQuality "1"]
[TimeControl "40/5400+30:1800+30"]

1. e4 c5 2. Nf3 d6 3. Bc4 Nc6 4. d3 g6 5. c3 Bg7 6. O-O Nf6 7. a4 {[%emt 0:00:59] B50: Sicilian: 2...d6, Miscellaneous.} O-O 8. Nbd2 d5 9. exd5 {[%emt 0:01:47] White is slightly better.} Nxd5 {[%emt 0:00:14] [#]} 10. Ne4 $146 ({Predecessor:} 10. a5 e6 11. Nb3 Qc7 12. Bg5 Nce7 13. Qd2 Rb8 14. Rfe1 f6 15. Bxd5 Nxd5 16. Bh4 {0-1 (33) Bach,A (2264)-Drenchev,P (2499) Plovdiv 2012}) 10... b6 11. Re1 Na5 12. Ba2 Ba6 (12... Bb7 $11) 13. d4 cxd4 14. Nxd4 Bb7 15. Bg5 Rc8 {[%emt 0:05:36] [#]} (15... h6 $11 16. Bh4 Qd7) 16. Nb5 $1 $16 {[%emt 0:05:13][%cal Ob5d6] aiming for Nbd6! White is more active.} a6 $2 {[%emt 0:05:54][%mdl 8192] [#] A mistake that costs the game.} (16... Qd7 $16 {is a better chance.}) 17. Nbd6 $1 $18 Nf6 18. Bxf6 ({Don't do} 18. Nxc8 Qxc8 19. Bxf6 Bxf6 20. Nxf6+ exf6 $18) 18... exf6 19. Nxc8 Qxc8 20. Nd6 Qc7 21. Nxb7 Nxb7 22. Qe2 a5 23. Qc4 Qb8 (23... Qxc4 24. Bxc4 f5) 24. Rad1 f5 25. Rd7 Nd6 26. Qc7 Qxc7 27. Rxc7 {[%emt 0:00:06] Weighted Error Value: White=0.23 (precise) /Black=0.59} 1-0

[Event "41st Zalakaros Festival 2022"]
[Site "Zalakaros"]
[Date "2022.06.05"]
[Round "1.8"]
[White "Toth, Lili"]
[Black "Farkas, Gabor"]
[Result "0-1"]
[ECO "D31"]
[WhiteElo "2199"]
[BlackElo "2324"]
[Annotator "TA"]
[PlyCount "56"]
[EventDate "2022.06.05"]
[EventType "swiss"]
[EventCountry "HUN"]
[SourceTitle "playchess.com"]
[Source "ChessBase"]
[SourceQuality "1"]
[TimeControl "40/5400+30:1800+30"]

1. d4 d5 2. c4 e6 3. Nc3 c6 4. e4 dxe4 5. Nxe4 Nf6 6. Nxf6+ Qxf6 7. Nf3 Bb4+ 8. Bd2 Bxd2+ 9. Qxd2 O-O 10. Bd3 {[%emt 0:00:41] D31: Queen's Gambit Declined: Semi-Slav without ...Nf6 (+ Marshall Gambit and Noteboom) and Exchange Variation lines without ...Nf6.} Rd8 11. O-O Nd7 12. Rad1 {[%emt 0:05:27] White is better.} b6 {[%emt 0:03:22] [#]} 13. Ne5 $146 ({Predecessor:} 13. Qc2 Kh8 14. c5 Bb7 15. Rfe1 Rac8 16. Be4 h6 17. b4 Rc7 18. Ne5 Rdc8 19. Nc4 {1-0 (33) Doric,D (2468)-Djeno,S (2015) Pula 2009}) 13... Bb7 14. f4 c5 15. Qc2 g6 (15... cxd4 $11 {remains equal.} 16. Bxh7+ Kf8) 16. Nxd7 $2 (16. Be4 $16 Bxe4 17. Qxe4) 16... Rxd7 $15 ({Don't take} 16... Qxd4+ 17. Kh1 Qxd7 18. Bxg6 $1 $11) 17. dxc5 Rad8 $1 {[%emt 0:03:32] And now ...Qd4+ would win.} 18. cxb6 {[%emt 0:04:58] [#]} ({White should try} 18. Be2 $1 $15) 18... Qd4+ $1 $19 19. Rf2 {[%emt 0:04:53] [#]} (19. Qf2 {was called for.} Qxf2+ 20. Kxf2 Rxd3 21. Rxd3 Rxd3 22. bxa7) 19... Be4 $3 {[%emt 0:02:02][%mdl 576] Pin} 20. c5 (20. b7 Rxb7) 20... Bxd3 $2 (20... axb6 $19 21. c6 Rc7 22. Bxe4 Qxd1+ 23. Qxd1 Rxd1+ 24. Rf1 Rd4) 21. c6 $2 (21. Rxd3 $15 Qxd3 22. Qxd3 Rxd3 23. b7 Rd1+ 24. Rf1) 21... Bxc2 22. Rxd4 Rxd4 23. c7 Rd1+ 24. Rf1 {[%emt 0:00:26] [#]} Be4 {[%emt 0:00:10] aiming for ...Rxf1+.} 25. cxd8=Q+ Rxd8 26. bxa7 Ra8 27. a4 ({But not} 27. Re1 f5 28. g3 Rxa7 $19) 27... Rxa7 28. Ra1 Rb7 {[%emt 0:00:08] Weighted Error Value: White=0.79/Black=0.41} 0-1

[Event "41st Zalakaros Festival 2022"]
[Site "Zalakaros"]
[Date "2022.06.05"]
[Round "1.9"]
[White "Peczely, Sebastian Zsombor"]
[Black "Majoros, Rozsa Evelin"]
[Result "1-0"]
[ECO "B30"]
[WhiteElo "2313"]
[BlackElo "1957"]
[Annotator "TA"]
[PlyCount "87"]
[EventDate "2022.06.05"]
[EventType "swiss"]
[EventCountry "HUN"]
[SourceTitle "playchess.com"]
[Source "ChessBase"]
[SourceQuality "1"]
[TimeControl "40/5400+30:1800+30"]

1. e4 c5 2. Nf3 Nc6 3. Bd3 g6 4. c3 d5 5. O-O Bg7 6. Re1 {[%emt 0:01:39] B30: Sicilian: 2...Nc6 3 Bb5, lines without ...g6.} Nf6 7. e5 Ng4 (7... Ne4 $142) 8. Bb5 $1 $11 {[%emt 0:00:30] [#] White has an edge.} Bd7 $146 ({Predecessor:} 8... O-O 9. d4 Qb6 10. Bxc6 bxc6 11. h3 Nh6 12. dxc5 Qxc5 13. Be3 Qa5 14. Nbd2 f6 {0-1 (39) Huizer,M (2195)-Abolianin,A (2384) Ghent 2000}) 9. Bxc6 ({Of course not} 9. d4 Ncxe5 $1 10. Bxd7+ Nxd7 $11) 9... bxc6 (9... Bxc6 $14 10. h3 Nh6) 10. d4 Qb6 11. Nbd2 cxd4 12. cxd4 c5 (12... O-O $16 {was worth a try.}) 13. h3 $18 Nh6 {[%emt 0:01:44] [#]} 14. dxc5 Qxc5 15. Nb3 Qb5 16. Bg5 {[%emt 0:01:25] Qd2 is the strong threat.} Nf5 (16... O-O {is a better defense.} 17. Bxe7 Rfe8) 17. Rc1 (17. g4 $142) 17... Rc8 $2 (17... h6 {might work better.}) 18. Rxc8+ Bxc8 {[%emt 0:03:07] [#]} 19. g4 $1 h6 20. Bc1 ({Weaker is} 20. gxf5 hxg5 21. Nbd4 Qc4 $16) 20... Qc4 21. gxf5 Bxf5 22. Kh2 Bc2 23. Qd4 Bxb3 24. axb3 Qxb3 25. Re3 Qb7 26. Ra3 O-O 27. Rxa7 Qc6 28. Be3 f6 (28... e6 $142 29. Kg2 Qc2) 29. Qb4 fxe5 30. Qxe7 Qf6 31. Qxf6 Bxf6 32. Bxh6 Rb8 33. Ra6 Kf7 34. Ng5+ Bxg5 35. Bxg5 Rxb2 {[%emt 0:00:08][%mdl 4096] Endgame KRB-KR} 36. Kg2 e4 37. Rf6+ Kg7 38. Rd6 Rb5 39. Be3 Kf7 40. h4 Kg7 41. Kg3 Ra5 42. Kg4 (42. Kf4 $142 Kf7 43. Ke5) 42... Kh7 43. Bd4 {[%emt 0:01:03] White threatens Rd8 and mate.} Kh6 44. Rd8 {[%emt 0:00:48] Black got outplayed after the opening.  Weighted Error Value: White=0.24 (precise) /Black=0.44} (44. Rd7 $142 Ra3 45. Bf6 Rg3+ 46. fxg3 g5 47. hxg5+ Kg6 48. Rg7#) 1-0